 Dungeon Crawl Stone Soup version 0.31-a0-175-g9f7f995f2b (webtiles) character file.

Game seed: 13683251584544860635

3460 pokeman the Thaumaturge (level 9, -2/51 HPs)
             Began as a Deep Elf Hedge Wizard on June 17, 2023.
             Was a Follower of Vehumet.
             Slain by a yak (7 damage)
             ... on level 8 of the Dungeon.
             The game lasted 00:20:44 (10152 turns).

pokeman the Thaumaturge (Deep Elf Hedge Wizard)    Turns: 10152, Time: 00:20:44

Health: -2/51      AC:  4    Str:  7    XL:     9   Next: 78%
Magic:  16/26      EV: 13    Int: 24    God:    Vehumet [*.....]
Gold:   333        SH:  0    Dex: 14    Spells: 16/31 levels left

rFire   + . .        a - +5 dagger of the Eternal Void {vamp, rPois SInv}
rCold   . . .        (no shield)
rNeg    + . .        K - +0 robe {rN+}
rPois   +            c - +0 hat
rElec   .            q - +0 cloak
rCorr   .            (no gloves)
SInv    +            s - +0 pair of boots
Will    .....        (no amulet)
Stlth   ++           G - ring of protection from fire
HPRegen 0.28/turn    (no ring)
MPRegen 0.20/turn

%: no passive effects
@: no status effects
A: no striking features
a: Renounce Religion


You were on level 8 of the Dungeon.
You worshipped Vehumet.
Vehumet was aware of your devotion.
You visited 2 branches of the dungeon, and saw 9 of its levels.
You also visited: Sewer.

You collected 357 gold pieces.
You spent 24 gold pieces at shops.

Inventory:

Hand Weapons
 a - the +5 dagger of the Eternal Void (weapon) {vamp, rPois SInv}
   (You found it on level 5 of the Dungeon)

   rPois:     It protects you from poison.
   SInv:      It lets you see invisible.
 E - a +0 arbalest
 L - a +4 quarterstaff of chaos
Missiles
 m - a throwing net
 M - 3 curare-tipped darts
Armour
 c - a +0 hat (worn)
 q - a +0 cloak (worn)
 s - a +0 pair of boots (worn)
 K - a +0 robe of positive energy (worn)
Jewellery
 G - a ring of protection from fire (left hand)
Wands
 r - a wand of roots (3)
 y - a wand of charming (16)
 C - a wand of digging (4)
 F - a wand of light (9)
 J - a wand of flame (27)
Scrolls
 f - 10 scrolls of identify
 h - 9 scrolls of teleportation {unknown}
 i - 2 scrolls of enchant weapon {unknown}
 k - 2 scrolls of blinking {unknown}
 l - 3 scrolls of fog {unknown}
 n - 3 scrolls of brand weapon {unknown}
 o - 2 scrolls of enchant armour {unknown}
 p - 2 scrolls of vulnerability {unknown}
 t - 3 scrolls of immolation {unknown}
 v - a scroll of amnesia {unknown}
 x - a scroll of revelation {unknown}
 B - 2 scrolls of torment {unknown}
 H - a scroll of noise {unknown}
Potions
 b - 2 potions of lignification {unknown}
 d - 2 potions of magic
 e - a potion of berserk rage {unknown}
 g - 7 potions of curing
 j - 4 potions of heal wounds {unknown}
 u - 2 potions of ambrosia {unknown}
 w - 3 potions of mutation {unknown}
 z - 3 potions of attraction {unknown}
 A - a potion of brilliance {unknown}
 D - 3 potions of might {unknown}
 I - a potion of invisibility {unknown}
 N - a potion of enlightenment {unknown}


   Skills:
 + Level 3.3 Fighting
 - Level 3.0 Armour
 - Level 3.0 Dodging
 - Level 3.0 Stealth
 * Level 11.8 Spellcasting
 + Level 7.8 Conjurations
 + Level 5.8 Summonings
 - Level 1.1 Translocations
 - Level 1.1 Air Magic
 - Level 1.2 Poison Magic
 - Level 1.4 Evocations


You had 16 spell levels left.
You knew the following spells:

 Your Spells              Type           Power      Damage    Failure   Level
a - Magic Dart            Conj           100%       1d8       1%          1
b - Mephitic Cloud        Conj/Pois/Air  30%        N/A       3%          3
c - Call Imp              Summ           84%        N/A       1%          2
d - Blink                 Tloc           38%        N/A       4%          2
e - Orb of Destruction    Conj           25%        9d9       83%         7

Your spell library contained the following spells:

 Spells                   Type           Power      Damage    Failure   Level
 Shock                    Conj/Air       100%       1d9       1%          1
 Slow                     Hex            56%        N/A       4%          1
 Cigotuvi's Dreadful Rot  Necr/Pois/Air  36%        N/A       4%          2
 Summon Guardian Golem    Hex/Summ       28%        N/A       4%          3
 Summon Lightning Spire   Summ/Air       31%        N/A       11%         4
 Vampiric Draining        Necr           14%        2d7       13%         3
 Spellforged Servitor     Conj/Summ      23%        N/A       92%         7
 Summon Horrible Things   Summ           21%        N/A       100%        8


Dungeon Overview and Level Annotations

Branches:
Dungeon (8/15)             Temple (1/1) D:7           Sewer (visited)
   Lair: D:8-11

Altars:
Cheibriados
Fedhas
Hepliaklqana
Kikubaaqudgha
Makhleb
Nemelex Xobeh
Okawaru
Qazlal
Ru
Uskayaw
Vehumet
Wu Jian
Xom
Yredelemnul
The Shining One

Shops:
D:4 ?


Message History

Press: ? - help, Shift-Dir - straight line, f/p - yak
Aim: a yak (heavily wounded, chance to affect: 67%)
The ball explodes into a vile cloud!
The stinking cloud engulfs the yak but does no damage.
The yak is heavily wounded.
The stinking cloud engulfs the yak but does no damage.
The yak is heavily wounded.
The yak is engulfed in noxious fumes.
The yak appears confused.
Unknown command.
Unknown command.
The yak attacks as you move away! The yak gores you but does no damage.
You feel stable enough to blink again.
The yak is engulfed in noxious fumes.
Casting: Mephitic Cloud (dangerous; 3% risk of failure)
Confirm with . or Enter, or press ? or * to list all spells.
Aiming: Mephitic Cloud (dangerous; 3% risk of failure)
Press: ? - help, Shift-Dir - straight line, p - yak The ball explodes into a vile cloud!
The stinking cloud engulfs the yak but does no damage.
The yak is heavily wounded.
The stinking cloud engulfs you but does no damage.
The yak is engulfed in noxious fumes.
The yak appears confused.
The yak is engulfed in noxious fumes.
The yak appears confused.
Unknown command.
You hit the yak.
You feel better.
The yak is heavily wounded.
Unknown command.
You hit the yak.
You feel better.
The yak is severely wounded.
The yak closely misses you.
You hit the yak.
The yak is severely wounded.
The yak seems less confused.
The yak misses you. The yak attacks as you move away! The yak gores you.
The yak attacks as you move away! The yak gores you!
* * * LOW HITPOINT WARNING * * *
The yak seems less confused.
The yak attacks as you move away! The yak gores you!
You die...

.## #..# ##.##.....†... .# #..#
##.#........... ## ##.#
##..#......####. # #.#
##.##....#####.## #.#
##.#.....#........ #.#
#.##....##........ #.##
#..#....#...#..##. #..#
##.Y...##...###.##. #..#
#.@#...##...#...... ##.#
##.##..#...##.......
#.###...#...#..##..##...
#.#....##..#...##..###..
###.#.##.##..z...##...##..
####....>##.##..#z..##....)..
####........##.##.z.##..#...)..#
##............##..#...#....#####.
...............#.##...##...#.###.


You could see a yak.

Vanquished Creatures
  A hornet (D:7)
  Grinder (D:4)
  3 wyverns
  4 yaks (D:8)
  Menkaure (D:4)
  2 water moccasins
  An orc warrior (D:7)
  An ice beast (D:8)
  A black bear (D:5)
  5 phantoms
  A kobold brigand (D:7)
  A bullfrog (D:7)
  A scorpion (D:5)
  2 howler monkeys (D:8)
  Crazy Yiuf (D:7)
  A gnoll bouda (D:6)
  A hound (D:5)
  A jelly (D:7)
  3 orc priests (D:6)
  A sleepcap (D:7)
  An iguana (D:5)
  Ijyb (D:3)
  7 orc wizards
  11 adders
  8 gnolls
  4 river rats (Sewer)
  A white imp (D:7)
  2 worms
  2 dart slugs
  33 orcs
  5 ball pythons
  7 bats
  6 endoplasms
  4 giant cockroaches
  7 goblins
  11 hobgoblins
  5 jackals
  5 quokkas
  12 frilled lizards
  12 kobolds
  9 rats
186 creatures vanquished.

Vanquished Creatures (collateral kills)
  An orc (D:4)
  A giant cockroach (D:3)
2 creatures vanquished.

Grand Total: 188 creatures vanquished

Notes
Turn   | Place    | Note
-------+----------+-------------------------------------------
     0 | D:1      | pokeman the Deep Elf Hedge Wizard began the quest for the
                  | Orb.
     0 | D:1      | Reached XP level 1. HP: 10/10 MP: 7/7
   252 | D:1      | Reached XP level 2. HP: 16/16 MP: 6/9
  1014 | D:2      | Reached skill level 5 in Spellcasting
  1300 | D:2      | Reached XP level 3. HP: 20/20 MP: 6/11
  1304 | D:2      | Learned a level 3 spell: Mephitic Cloud
  1307 | D:2      | Learned a level 2 spell: Call Imp
  1310 | D:2      | Learned a level 2 spell: Blink
  1760 | D:2      | Found a faded altar of an unknown god.
  1796 | D:2      | Got the Vellum of Deathly Mustering
  2292 | D:3      | Reached skill level 1 in Fighting
  2309 | D:3      | Noticed Ijyb
  2339 | D:3      | Killed Ijyb
  2340 | D:3      | Reached skill level 1 in Armour
  2340 | D:3      | Reached XP level 4. HP: 8/25 MP: 5/13
  2436 | D:3      | Found a glowing drain.
  2486 | Sewer    | Entered a sewer
  2858 | Sewer    | Reached skill level 6 in Spellcasting
  2858 | Sewer    | Reached XP level 5. HP: 29/29 MP: 8/15
  4059 | D:4      | Noticed Grinder
  4211 | D:4      | Paralysed by Grinder for 5 turns
  4223 | D:4      | Paralysed by Grinder for 4 turns
  4229 | D:4      | Killed Grinder
  4230 | D:4      | Reached skill level 5 in Conjurations
  4230 | D:4      | Reached XP level 6. HP: 34/34 MP: 7/17
  4305 | D:4      | Noticed Menkaure
  4482 | D:4      | Killed Menkaure
  4483 | D:4      | Reached skill level 1 in Air Magic
  4483 | D:4      | Reached skill level 1 in Poison Magic
  4483 | D:4      | Reached skill level 1 in Evocations
  4483 | D:4      | Reached XP level 7. HP: 38/38 MP: 12/19
  4971 | D:4      | Found Cotheg's Magic Scroll Shop.
  5051 | D:4      | Bought a scroll of identify for 24 gold pieces
  5079 | D:4      | You fall into a shaft and drop 3 floors!
  5099 | D:6      | Reached skill level 7 in Spellcasting
  5245 | D:5      | Entered Level 5 of the Dungeon
  5492 | D:5      | HP: 1/39 [poisoned by a water moccasin]
  5504 | D:5      | Reached skill level 8 in Spellcasting
  5624 | D:5      | Reached XP level 8. HP: 42/44 MP: 16/22
  5997 | D:5      | Identified the +5 dagger of the Eternal Void {vamp, rPois
                  | SInv}
  6820 | D:6      | Reached skill level 9 in Spellcasting
  6995 | D:6      | Identified the +11 scimitar "Oproseko" {antimagic, rC+
                  | Str+2 Dex+2}
  7542 | D:7      | Learned a level 7 spell: Orb of Destruction
  7573 | D:7      | Noticed a hornet
  7590 | D:7      | Killed a hornet
  7709 | D:7      | Found a staircase to the Ecumenical Temple.
  7715 | Temple   | Entered the Ecumenical Temple
  7814 | Temple   | Became a worshipper of Vehumet
  8089 | D:7      | Reached skill level 10 in Spellcasting
  8139 | D:7      | Reached XP level 9. HP: 21/48 MP: 12/25
  8433 | D:7      | Found a runed translucent door.
  8434 | D:7      | Noticed Crazy Yiuf
  8942 | D:7      | Found a burning altar of Makhleb.
  9045 | D:7      | Killed Crazy Yiuf
  9214 | D:7      | Reached skill level 5 in Summonings
  9562 | D:8      | Reached * piety under Vehumet
  9562 | D:8      | Offered knowledge of Shock by Vehumet.
  9563 | D:8      | Reached skill level 11 in Spellcasting
 10152 | D:8      | Slain by a yak

Illustrated notes

Levels and vault maps discovered:
D:1:      minmay_arrival_plants_in_alcoves, layout_loops_ring
D:2:      layout_basic, hellmonk_ecumenical_altar_lost_god
D:3:      layout_loops_cross, gup_sewer_entry_glass, uniq_ijyb
D:4:      layout_gridville, serial_shops, nicolae_shop_crystal, uniq_menkaure,
          uniq_grinder
D:5:      layout_basic, minmay_increasing_density
D:6:      layout_basic, serial_corexii_hall, chequers_hall_statues_corner_a,
          corexii_hall_statues_i
D:7:      layout_loops_cross, marbit_many_paths, minmay_temple_entry_wispy,
          uniq_crazy_yiuf_cottage
D:8:      hellmonk_ruined_rings, layout_cave_pods
Temple:   kb_temple_of_zot

Skill      XL: |  1  2  3  4  5  6  7  8  9 |
---------------+----------------------------+-----
Spellcasting   | 5 6 8 10 11 | 11.8
Fighting       | 1 2 3 |  3.3
Conjurations   | 2 5 6 7 |  7.8
Armour         | 1 2 3 |  3.0
Dodging        | 3 |  3.0
Stealth        | 3 |  3.0
Air Magic      | 1 |  1.1
Poison Magic   | 1 |  1.2
Evocations     | 1 |  1.4
Summonings     | 2 4 5 |  5.8
Translocations | |  1.1

Action                     |  1- 3 |  4- 6 |  7- 9 || total
---------------------------+-------+-------+-------++-------
  Melee: Dagger            |    25 |    56 |    85 ||   166
         Punch             |       |     1 |     3 ||     4
   Fire: Arbalest          |       |       |    43 ||    43
   Cast: Magic Dart        |    97 |   123 |   282 ||   502
         Mephitic Cloud    |     2 |     5 |    26 ||    33
         Call Imp          |     1 |     3 |     6 ||    10
         Blink             |       |       |     6 ||     6
  Evoke: Wand              |       |     3 |       ||     3
    Use: Potion            |       |       |     1 ||     1
   Stab: Confused          |     2 |     4 |    13 ||    19
         Sleeping          |     1 |       |       ||     1
 Armour: Robe              |     8 |    12 |    29 ||    49
  Dodge: Dodged            |    19 |    53 |   127 ||   199

Table legend: (Time is in decaauts)
 A = Elapsed time spent in this place.
 B = Non-inter-level travel time spent in this place.
 C = Inter-level travel time spent in this place.
 D = Time resting spent in this place.
 E = Time spent auto-exploring this place.
 F = Levels seen in this place.
 G = Mean time per level.
                   A        B        C        D        E       F      G
               +--------+--------+--------+--------+--------+-----+--------+
         Total |  10233 |   9907 |    326 |    438 |   7696 |  10 | 1023.3 |
       Dungeon |   9201 |   8919 |    282 |    301 |   7030 |   8 | 1150.1 |
        Temple |    144 |    100 |     44 |     31 |     53 |   1 |  144.0 |
         Sewer |    887 |    887 |      0 |    106 |    613 |   1 |  887.0 |
               +--------+--------+--------+--------+--------+-----+--------+

Top non-repeatable levels by time:
     D:7: 1504 daAuts
     D:5: 1319 daAuts
     D:3: 1264 daAuts
     D:2: 1136 daAuts
     D:8: 1020 daAuts
     D:4: 1018 daAuts
     D:1: 987 daAuts
     D:6: 949 daAuts
   Sewer: 887 daAuts
  Temple: 144 daAuts
